 Dungeon Crawl Stone Soup version 0.20-a0-1122-gb7cbeb9 (webtiles) character file.

6835 anfisbena the Grappler (level 10, -5/102 HPs)
             Began as a Troll Fighter on May 14, 2017.
             Was a Priest of Qazlal.
             Slain by a vampire (12 damage)
             ... on level 10 of the Dungeon.
             The game lasted 00:08:42 (8305 turns).

anfisbena the Grappler (Troll Fighter)              Turns: 8305, Time: 00:08:43

Health: -5/102     AC:  7    Str: 26    XL:     10   Next: 77%
Magic:  9/9        EV: 10    Int:  4    God:    Qazlal [***...]
Gold:   614        SH: 15    Dex: 12    Spells: 9/9 levels left

rFire    . . .     SeeInvis .     - Unarmed
rCold    . . .     Gourm    +   b - +0 shield
rNeg     + . .     Faith    .   l - +2 robe {rN+}
rPois    .         Spirit   .   (helmet restricted)
rElec    .         Reflect  .   (no cloak)
rCorr    .         Harm     .   (gloves unavailable)
MR       .....                  (boots unavailable)
Stlth    +.........             (no amulet)
Regen    0.7/turn               (no ring)
MPRegen  0.2/turn               (no ring)

@: no status effects
A: unfitting armour, claws 3, fast metabolism 3, gourmand, regeneration 1,
shaggy fur 1, tough skin 2
a: Upheaval, Elemental Force, Renounce Religion


You were on level 10 of the Dungeon.
You worshipped Qazlal.
Qazlal was most pleased with you.
You were completely stuffed.

You visited 2 branches of the dungeon, and saw 11 of its levels.
You also visited: Sewer.

You collected 614 gold pieces.

Inventory:

Missiles
 I - 4 large rocks (quivered)
Armour
 b - a +0 shield (worn)
 l - a +2 robe of positive energy (worn)
 G - a +0 cloak
 J - a +0 hat
Jewellery
 r - an uncursed ring of protection from fire {unknown}
 B - an uncursed ring of positive energy {unknown}
 E - an uncursed ring of stealth {unknown}
 M - a +3 ring of dexterity {unknown}
Wands
 m - a wand of flame (28/48)
 y - a wand of random effects (19/48)
 A - a wand of lightning (11/15)
 F - a wand of paralysis (14/24)
 H - a wand of flame (26/48)
 N - a wand of acid (6/15)
 P - a wand of random effects (29/48)
Scrolls
 c - a scroll of blinking {unknown}
 e - 4 scrolls of enchant weapon {unknown}
 g - 2 scrolls of immolation {unknown}
 h - 6 scrolls of identify {unknown}
 i - 3 scrolls of enchant armour {unknown}
 n - 4 scrolls of recharging {unknown}
 s - a scroll of teleportation {unknown}
 t - 2 scrolls of magic mapping {unknown}
 z - 3 scrolls of remove curse {unknown}
 C - a scroll of vulnerability {unknown}
 K - a scroll of amnesia {unknown}
Potions
 a - 2 potions of magic {unknown}
 j - a potion of flight {unknown}
 k - 6 potions of haste
 o - 2 potions of mutation {unknown}
 q - a potion of might
 v - 3 potions of curing {unknown}
 w - 2 potions of lignification {unknown}
 x - 4 potions of degeneration {unknown}
 D - a potion of ambrosia {unknown}
 L - a potion of agility {unknown}
 O - a potion of brilliance {unknown}
Comestibles
 d - 7 bread rations
 f - 5 royal jellies
 p - 6 meat rations
 u - 31 fruits


   Skills:
 + Level 7.2 Fighting
 - Level 2.4 Dodging
 + Level 7.5 Shields
 * Level 11.8 Unarmed Combat


You had 9 spell levels left.
You didn't know any spells.

Dungeon Overview and Level Annotations

Branches:
Dungeon (10/15)            Temple (1/1) D:4            Lair (0/6) D:9
    Orc (0/2) D:9

Altars:
Ashenzari
Cheibriados
Dithmenos
Elyvilon
Fedhas
Gozag
Hepliaklqana
Kikubaaqudgha
Makhleb
Nemelex Xobeh
Okawaru
Qazlal
Ru
Sif Muna
Trog
Uskayaw
Vehumet
Wu Jian
Xom
Yredelemnul
Zin
The Shining One

Shops:
D:6 *   D:7 %


Innate Abilities, Weirdness & Mutations

You are too large for most types of armour.
You have claws for hands.
Your metabolism is lightning-fast.
You like to eat raw meat.
Your natural rate of healing is unusually fast.
You are covered in fur. (AC +1)
You have very tough skin. (AC +2)


Message History

Something bites you!
* * * LOW HITPOINT WARNING * * *
Something draws strength from your injuries!
You barely miss something. Something hits you but does no damage.
Something bites you!
* * * LOW HITPOINT WARNING * * *
Something draws strength from your injuries!
You miss something. You claw something!
You hear some strange, mumbled words.
Something tries to affect you, but you resist.
You closely miss something.
Unholy energy fills the air.
* * * LOW HITPOINT WARNING * * *
You closely miss something. Something hits you!
* * * LOW HITPOINT WARNING * * *
Something bites you but does no damage.
You scratch something but do no damage. Something hits you.
* * * LOW HITPOINT WARNING * * *
Something bites you!
You die...

...............
...............
..............#
..............#
.............##
..............###........
....?..)ยง{.....#.=.......
........@)...............
.........................
.........................
.........................
.........................
.........................
.........................
#........................
##.......................


There were no monsters in sight!

Vanquished Creatures
  The ghost of Monsterracer the Carver, a novice FoFi of Cheibriados (D:8)
  Maurice (D:8)
  A troll (D:9)
  4 hippogriffs
  A steam dragon (D:9)
  Duvessa (D:6)
  2 hell hounds (D:9)
  An orc warrior (D:10)
  An ice beast (D:9)
  2 black bears (D:8)
  A necrophage (D:8)
  2 phantoms
  2 sky beasts
  A centaur (D:6)
  4 ogres
  The ghost of 100P the Slasher, an amateur DsGl (D:3)
  3 big kobolds
  Blork the orc (D:6)
  8 bullfrogs
  A gnoll sergeant (D:6)
  Dowan (D:6)
  A water moccasin zombie (D:9)
  A wyvern skeleton (D:10)
  4 scorpions
  A water moccasin skeleton (D:9)
  3 killer bees (D:9)
  9 wights (D:9)
  3 electric eels (D:8)
  3 howler monkeys
  4 crimson imps
  6 orc priests
  4 hounds
  4 orc wizards
  4 jellies
  A gnoll shaman (D:6)
  A centaur skeleton (D:4)
  Jessica (D:2)
  Terence (D:2)
  An iguana (D:4)
  9 worker ants
  A hound zombie (D:9)
  A hound skeleton (D:7)
  8 gnolls
  5 adders
  A shadow imp (D:7)
  5 worms
  2 dart slugs
  A leopard gecko (D:1)
  18 orcs
  4 ball pythons
  5 bats
  11 giant cockroaches
  6 goblins
  5 hobgoblins
  8 jackals
  2 quokkas
  12 frilled lizards
  A jackal skeleton (D:8)
  16 kobolds
  A leopard gecko skeleton (D:4)
  4 rats
218 creatures vanquished.

Notes
Turn   | Place    | Note
-------+----------+-------------------------------------------
     0 | D:1      | anfisbena the Troll Fighter began the quest for the Orb.
     0 | D:1      | Reached XP level 1. HP: 22/22 MP: 0/0
    40 | D:1      | Reached XP level 2. HP: 29/29 MP: 1/1
   193 | D:1      | Found a snail-covered altar of Cheibriados.
   219 | D:1      | Reached XP level 3. HP: 35/36 MP: 2/2
   591 | D:2      | Reached skill level 3 in Unarmed Combat
   652 | D:2      | Noticed Jessica
   659 | D:2      | Killed Jessica
   659 | D:2      | Reached XP level 4. HP: 43/44 MP: 3/3
   755 | D:2      | Noticed Terence
   764 | D:2      | Killed Terence
   836 | D:2      | You fall through a shaft for 2 floors!
   938 | D:4      | Reached XP level 5. HP: 53/53 MP: 4/4
   957 | D:4      | Noticed a phantom
   983 | D:4      | Killed a phantom
   983 | D:4      | Reached skill level 4 in Unarmed Combat
  1072 | D:4      | Noticed an ogre
  1076 | D:4      | Killed an ogre
  1076 | D:4      | Reached XP level 6. HP: 49/61 MP: 5/5
  1190 | D:4      | Reached skill level 5 in Unarmed Combat
  1234 | D:3      | Found a sparkling altar of Nemelex Xobeh.
  1459 | D:3      | Noticed 100P's ghost (amateur DsGl)
  1468 | D:3      | Killed 100P's ghost
  1493 | D:3      | Found a glowing drain.
  1512 | Sewer    | Entered a sewer
  1643 | Sewer    | Reached XP level 7. HP: 68/68 MP: 6/6
  2744 | D:3      | Found a glowing golden altar of the Shining One.
  2798 | D:3      | Reached skill level 6 in Unarmed Combat
  3000 | D:4      | Found a staircase to the Ecumenical Temple.
  3016 | Temple   | Entered the Ecumenical Temple
  3104 | Temple   | Became a worshipper of Qazlal Stormbringer
  3526 | D:5      | Entered Level 5 of the Dungeon
  3533 | D:5      | Found a deep blue altar of Sif Muna.
  3634 | D:5      | Found a hide-covered altar of Uskayaw.
  3837 | D:5      | Found an ornate altar of the Wu Jian Council.
  3945 | D:5      | Found a blossoming altar of Fedhas.
  4056 | D:5      | Reached XP level 8. HP: 79/79 MP: 7/7
  4254 | D:5      | Reached skill level 7 in Unarmed Combat
  4390 | D:6      | Found a white marble altar of Elyvilon.
  4397 | D:6      | Noticed Blork the orc
  4398 | D:6      | Reached skill level 5 in Shields
  4405 | D:6      | Killed Blork the orc
  4593 | D:6      | Found an opulent altar of Gozag.
  4659 | D:6      | Reached * piety under Qazlal
  4684 | D:6      | Found Tukepp's Elemental Accessories.
  4738 | D:6      | Noticed Duvessa
  4740 | D:6      | Noticed Dowan
  4743 | D:6      | Killed Duvessa
  4743 | D:6      | Reached skill level 5 in Fighting
  4743 | D:6      | Reached skill level 8 in Unarmed Combat
  4749 | D:6      | Killed Dowan
  5233 | D:6      | Reached XP level 9. HP: 80/88 MP: 8/8
  5548 | D:7      | Found Saug's Food Emporium.
  5660 | D:7      | Reached skill level 9 in Unarmed Combat
  5874 | D:7      | Found a shadowy altar of Dithmenos.
  5874 | D:7      | Found a basalt altar of Yredelemnul.
  6259 | D:8      | Reached ** piety under Qazlal
  6290 | D:8      | Found a sacrificial altar of Ru.
  6452 | D:8      | Noticed Maurice
  6462 | D:8      | Killed Maurice
  6462 | D:8      | Reached skill level 10 in Unarmed Combat
  6562 | D:8      | Noticed Monsterracer's ghost (novice FoFi)
  6577 | D:8      | Killed Monsterracer's ghost
  6577 | D:8      | Reached XP level 10. HP: 87/100 MP: 9/9
  7247 | D:9      | Found a staircase to the Orcish Mines.
  7277 | D:9      | Found a staircase to the Lair.
  7297 | D:9      | Reached skill level 11 in Unarmed Combat
  7622 | D:9      | Found a glowing silver altar of Zin.
  7623 | D:9      | Noticed an angel
  7842 | D:9      | Reached *** piety under Qazlal
  8234 | D:10     | Entered Level 10 of the Dungeon
  8305 | D:10     | Slain by a vampire

Vault maps used:
D:1:      sevenhm_arrival_forest_fort_small_3, cheibriados_altar_1
D:2:      uniq_jessica, uniq_terence
D:3:      marbit_many_paths, nemelex_xobeh_ov_fountains_minmay,
          cheibrodos_sewer_entry_bend, minmay_door_square
D:4:      minmay_temple_entry_glassed_door
D:5:      lemuel_coloured_pillars_altar, lemuel_crystal_altar,
          eat_drink_and_be_merry_uskayaw, old_standard_altar, first_bread
D:6:      elyvilon_altar_1, grunt_gozag_statues, nicolae_elemental_shop,
          uniq_blork_the_orc, uniq_duvessa
D:7:      minitemple, serial_shops, nicolae_shop_crystal
D:8:      nicolae_ru_the_path_less_chosen, blue_anna_alchemist, minivault_14,
          minivault_5, serial_bayou_ford_a, uniq_maurice
D:9:      zin_angel, minmay_lair_entry_lava, orc_0_dummy
D:10:     uniq_erolcha
Temple:   dpeg_chambers_temple
Sewer:    sewer_frog_island_01

Skill      XL: |  1  2  3  4  5  6  7  8  9 10 |
---------------+-------------------------------+-----
Shields        | 3 4 5 6 7 |  7.5
Unarmed Combat | 3 4 5 6 8 10 11 | 11.8
Fighting       | 3 4 5 6 7 |  7.2
Dodging        | |  2.4

Action                   |  1- 3 |  4- 6 |  7- 9 | 10-12 || total
-------------------------+-------+-------+-------+-------++-------
Melee: Unarmed           |    73 |   107 |   285 |   181 ||   646
  Use: Potion            |       |     1 |       |       ||     1
 Stab: Sleeping          |       |     1 |     1 |       ||     2
  Eat: Chunk             |    12 |     9 |    46 |    16 ||    83
Armor: Robe              |    29 |    24 |    59 |    29 ||   141
Dodge: Dodged            |     7 |    26 |    70 |    35 ||   138
Block: Shield            |    30 |    34 |   113 |   134 ||   311
